AoeStats
← Coyunto90

Scandinavia

510574506Analyzed
1v1 RM · 18h ago on Oct 1, 2026· 41m 51s· 2 players
Game mode
Random Map
Map size
Tiny (2 player)
Population
200
Speed
Normal
Resources
Standard
Victory
Conquest
Starting age
Dark Age
Ending age
Imperial Age
RankedLock teamsTeams togetherTeam positionsShared explorationLock speedFull tech treeHidden civsTurbo modeCheats
Victory
Defeat
🇩🇪 Dravidians · Germany
1141
+17
🇪🇸 Japanese · Spain
1154
-17
coolbeans
8:25 Loom
10:43 Feudal Age
11:20 Double-Bit Axe
11:45 Fishing Lines
18:29 Fletching
22:29 Castle Age
20:52 Padded Archer Armor
23:33 Bodkin Arrow
24:15 Medium Warships
26:50 Bow Saw
27:47 Husbandry
28:10 Leather Archer Armor
29:41 Thumb Ring
31:39 Elite Skirmisher
33:59 Wheelbarrow
33:16 Town Watch
33:24 Town Watch
36:27 Imperial Age
35:44 Ballistics
35:35 Masonry
36:42 Hand Cart
37:58 Ring Archer Armor
37:40 Bracer
38:42 Chemistry
38:14 Scale Mail Armor
38:18 Squires
38:04 Arson
38:58 Conscription
39:06 Forging
40:22 Chain Mail Armor
40:45 Elite Elephant Archer
Coyunto90
4:58 Loom
10:21 Feudal Age
11:05 Man-at-Arms
13:10 Town Watch
17:33 Fletching
18:19 Horse Collar
18:44 Double-Bit Axe
24:11 Castle Age
22:06 Fishing Lines
22:32 Padded Archer Armor
26:42 Husbandry
26:50 Bodkin Arrow
29:21 Gold Mining
30:53 Ballistics
31:27 Bow Saw
32:11 Wheelbarrow
36:55 Imperial Age
33:58 Elite Skirmisher
36:05 Leather Archer Armor
36:44 Bloodlines
37:10 Heavy Plow
37:33 Scale Mail Armor
37:48 Bracer
39:21 Chemistry
39:34 Masonry
39:48 Conscription
40:52 Ring Archer Armor
41:24 Guard Tower
41:30 Stone Mining
Connection lost

Rejoining the realm…

Still unreachable

The connection could not be restored.

Session expired

The server has moved on; the page needs a fresh start.